| TOP OF THE 1ST |
|
Florida Marlins batting - Pitching for Orlando Devil Rays : LHP Jimmy Key
|
|
Pitching: LHP Jimmy Key
|
|
|
Batting: RHB Tony Barron
|
0-0: Called Strike 0-1: Foul Ball, location: 2F 0-2: Ball 1-2: Foul Ball, location: 2F 1-2: Foul Ball, location: 2F 1-2: DOUBLE (Line Drive, 89M, EV 95.0 MPH)
|
|
Batting: RHB Charles Johnson
|
0-0: SINGLE (Line Drive, 8RS, EV 93.8 MPH) Tony Barron to third
|
|
Batting: RHB Richie Sexson
|
0-0: Swinging Strike 0-1: Swinging Strike 0-2: Ball 1-2: Grounds into double play, 4-6-3 (Groundball, 4, EV 90.0 MPH) Tony Barron scores
|
|
Batting: RHB Juan Encarnacion
|
0-0: Fly out, F5 (Line Drive, 5, EV 65.0 MPH)
|
| Top of the 1st over - 1 run, 2 hits, 0 errors, 0 left on base; Florida 1 - Orlando 0 |
| BOTTOM OF THE 1ST |
|
Orlando Devil Rays batting - Pitching for Florida Marlins : LHP Butch Henry
|
|
Pitching: LHP Butch Henry
|
|
|
Batting: RHB Craig Biggio
|
0-0: Foul Ball, location: 2F 0-1: Ground out 2-3 (Groundball, 15S, EV 73.1 MPH)
|
|
Batting: RHB Brian Jordan
|
0-0: Foul Ball, location: 2F 0-1: Ball 1-1: Swinging Strike 1-2: Strikes out swinging
|
|
Batting: RHB Jeff Bagwell
|
0-0: Ball 1-0: Ball 2-0: Called Strike 2-1: Foul Ball, location: 2F 2-2: Ground out 5-3 (Groundball, 56, EV 81.3 MPH)
|
| Bottom of the 1st over - 0 runs, 0 hits, 0 errors, 0 left on base; Florida 1 - Orlando 0 |
| TOP OF THE 2ND |
|
Florida Marlins batting - Pitching for Orlando Devil Rays : LHP Jimmy Key
|
|
Batting: RHB Rondell White
|
0-0: Called Strike 0-1: Fly out, F3 (Line Drive, 3, EV 70.0 MPH)
|
|
Batting: SHB Bobby Bonilla
|
0-0: Swinging Strike 0-1: Swinging Strike 0-2: Strikes out looking
|
|
Batting: RHB Edgardo Alfonzo
|
0-0: DOUBLE (Line Drive, 89D, EV 109.4 MPH)
|
|
Batting: LHB Craig Counsell
|
0-0: Ball 1-0: Ball 2-0: Called Strike 2-1: DOUBLE (Line Drive, 7LM, EV 100.0 MPH) Edgardo Alfonzo scores
|
|
Batting: SHB Luis Castillo
|
0-0: Ball 1-0: Ground out 5-3 (Groundball, 5, EV 79.4 MPH)
|
| Top of the 2nd over - 1 run, 2 hits, 0 errors, 1 left on base; Florida 2 - Orlando 0 |
| BOTTOM OF THE 2ND |
|
Orlando Devil Rays batting - Pitching for Florida Marlins : LHP Butch Henry
|
|
Batting: RHB Ron Gant
|
0-0: Bunt missed! 0-1: Foul Ball, location: 2F 0-2: Ball 1-2: Foul Ball, location: 2F 1-2: Ball 2-2: Foul Ball, location: 2F 2-2: Foul Ball, location: 2F 2-2: Ground out 1-3 (Groundball, 13, EV 91.9 MPH)
|
|
Batting: RHB Tim Salmon
|
0-0: Ball 1-0: Foul Ball, location: 2F 1-1: Called Strike 1-2: Strikes out looking
|
|
Batting: RHB Ivan Rodriguez
|
0-0: Ball 1-0: Ball 2-0: DOUBLE (Line Drive, 3D, EV 105.0 MPH)
|
|
Batting: LHB Paul O'Neill
|
0-0: Foul Ball, location: 2F 0-1: Ball 1-1: Ball 2-1: Ball 3-1: Foul Ball, location: 2F 3-2: Foul Ball, location: 2F 3-2: Foul Ball, location: 2F 3-2: 2-RUN HOME RUN (Flyball, 9D, EV 105.0 MPH), Distance : 369 ft
|
|
Batting: SHB Jose Valentin
|
0-0: Ball 1-0: Called Strike 1-1: Ball 2-1: Foul Ball, location: 2F 2-2: Strikes out swinging, 2-3 out at first.
|
| Bottom of the 2nd over - 2 runs, 2 hits, 0 errors, 0 left on base; Florida 2 - Orlando 2 |
| TOP OF THE 3RD |
|
Florida Marlins batting - Pitching for Orlando Devil Rays : LHP Jimmy Key
|
|
Batting: RHB Tony Barron
|
0-0: Ball 1-0: Swinging Strike 1-1: Called Strike 1-2: Foul Ball, location: 2F 1-2: Strikes out swinging
|
|
Batting: RHB Charles Johnson
|
0-0: Called Strike 0-1: Fly out, F9 (Flyball, 89S, EV 85.6 MPH)
|
|
Batting: RHB Richie Sexson
|
0-0: Ball 1-0: Called Strike 1-1: Ball 2-1: Ball 3-1: Fly out, F9 (Flyball, 9, EV 88.1 MPH)
|
| Top of the 3rd over - 0 runs, 0 hits, 0 errors, 0 left on base; Florida 2 - Orlando 2 |
| BOTTOM OF THE 3RD |
|
Orlando Devil Rays batting - Pitching for Florida Marlins : LHP Butch Henry
|
|
Batting: SHB Jose Oquendo
|
0-0: Foul Ball, location: 2F 0-1: Ball 1-1: Swinging Strike 1-2: Foul Ball, location: 2F 1-2: Ball 2-2: Strikes out swinging
|
|
Batting: RHB Craig Biggio
|
0-0: Foul Ball, location: 2F 0-1: Foul Ball, location: 2F 0-2: Foul Ball, location: 2F 0-2: Ball 1-2: Foul Ball, location: 2F 1-2: Foul Ball, location: 2F 1-2: Ball 2-2: Ball 3-2: Foul Ball, location: 2F 3-2: Base on Balls
|
|
Batting: RHB Brian Jordan
|
0-0: Swinging Strike 0-1: Ball 1-1: Ball 2-1: Fly out, F9 (Flyball, 89M, EV 85.0 MPH)
|
|
Batting: RHB Jeff Bagwell
|
0-0: Ball 1-0: Ball 2-0: Swinging Strike 2-1: DOUBLE (Line Drive, 8LXD, EV 110.0 MPH) Craig Biggio to third Runner from 3rd tries for Home, SAFE, throw by CF to home
|
|
Batting: RHB Ron Gant
|
0-0: Called Strike 0-1: Ball 1-1: Ball 2-1: Foul Ball, location: 2F 2-2: Fly out, F9 (Flyball, 89M, EV 91.9 MPH)
|
| Bottom of the 3rd over - 1 run, 1 hit, 0 errors, 1 left on base; Florida 2 - Orlando 3 |
| TOP OF THE 4TH |
|
Florida Marlins batting - Pitching for Orlando Devil Rays : LHP Jimmy Key
|
|
Batting: RHB Juan Encarnacion
|
0-0: Called Strike 0-1: Called Strike 0-2: Foul Ball, location: 2F 0-2: Foul Ball, location: 2F 0-2: SINGLE (Line Drive, 8LS, EV 99.4 MPH)
|
|
Batting: RHB Rondell White
|
0-0: Called Strike 0-1: Ball 1-1: Ball 2-1: Fly out, F9 (Flyball, 9S, EV 74.4 MPH)
|
|
Batting: SHB Bobby Bonilla
|
0-0: Ball 1-0: Ball 2-0: Swinging Strike 2-1: Foul Ball, location: 2F 2-2: Foul Ball, location: 2F 2-2: Foul Ball, location: 2F 2-2: Grounds into double play, 4-6-3 (Groundball, 4, EV 85.0 MPH)
|
| Top of the 4th over - 0 runs, 1 hit, 0 errors, 0 left on base; Florida 2 - Orlando 3 |
| BOTTOM OF THE 4TH |
|
Orlando Devil Rays batting - Pitching for Florida Marlins : LHP Butch Henry
|
|
Batting: RHB Tim Salmon
|
0-0: Ball 1-0: Ball 2-0: Called Strike 2-1: Ball 3-1: Called Strike 3-2: SOLO HOME RUN (Flyball, 78XD, EV 106.9 MPH), Distance : 397 ft
|
|
Batting: RHB Ivan Rodriguez
|
0-0: Called Strike 0-1: Fly out, F3 (Popup, 3SF, EV 82.5 MPH)
|
|
Batting: LHB Paul O'Neill
|
0-0: Swinging Strike 0-1: Foul Ball, location: 2F 0-2: Ball 1-2: Foul Ball, location: 2F 1-2: Ball 2-2: Foul Ball, location: 2F 2-2: Foul Ball, location: 2F 2-2: Ground out 2-3 (Groundball, 2R, EV 70.0 MPH)
|
|
Batting: SHB Jose Valentin
|
0-0: Ball 1-0: Called Strike 1-1: SINGLE (Line Drive, 8RS, EV 96.9 MPH)
|
|
Batting: SHB Jose Oquendo
|
0-0: Ball 1-0: Ground out 4-3 (Groundball, 4, EV 90.6 MPH)
|
| Bottom of the 4th over - 1 run, 2 hits, 0 errors, 1 left on base; Florida 2 - Orlando 4 |
| TOP OF THE 5TH |
|
Florida Marlins batting - Pitching for Orlando Devil Rays : LHP Jimmy Key
|
|
Batting: RHB Edgardo Alfonzo
|
0-0: Ball 1-0: Called Strike 1-1: Swinging Strike 1-2: Strikes out swinging
|
|
Batting: LHB Craig Counsell
|
0-0: Ball 1-0: Called Strike 1-1: Ball 2-1: Ball 3-1: Ground out 6-3 (Groundball, 6M, EV 111.3 MPH)
|
|
Batting: SHB Luis Castillo
|
0-0: Called Strike 0-1: Swinging Strike 0-2: Ball 1-2: Ground out 6-3 (Groundball, 6, EV 101.9 MPH)
|
| Top of the 5th over - 0 runs, 0 hits, 0 errors, 0 left on base; Florida 2 - Orlando 4 |
| BOTTOM OF THE 5TH |
|
Orlando Devil Rays batting - Pitching for Florida Marlins : LHP Butch Henry
|
|
Batting: RHB Craig Biggio
|
0-0: Ball 1-0: Called Strike 1-1: Ball 2-1: Foul Ball, location: 2F 2-2: Ground out 4-3 (Groundball, 4S, EV 83.1 MPH)
|
|
Batting: RHB Brian Jordan
|
0-0: Foul Ball, location: 2F 0-1: Ball 1-1: Ground out 6-3 (Groundball, 6, EV 104.4 MPH)
|
|
Batting: RHB Jeff Bagwell
|
0-0: Ball 1-0: Swinging Strike 1-1: Ball 2-1: Called Strike 2-2: SINGLE (Groundball, 6MD, EV 108.8 MPH)
|
|
Batting: RHB Ron Gant
|
0-0: Ball 1-0: Swinging Strike 1-1: Fly out, F8 (Flyball, 8RXD, EV 98.8 MPH)
|
| Bottom of the 5th over - 0 runs, 1 hit, 0 errors, 1 left on base; Florida 2 - Orlando 4 |
| TOP OF THE 6TH |
|
Florida Marlins batting - Pitching for Orlando Devil Rays : LHP Jimmy Key
|
|
Batting: RHB Tony Barron
|
0-0: Ball 1-0: Ground out 6-3 (Groundball, 6, EV 84.4 MPH)
|
|
Batting: RHB Charles Johnson
|
0-0: Ball 1-0: Called Strike 1-1: Foul Ball, location: 2F 1-2: SINGLE (Flyball, 89S, EV 92.5 MPH)
|
|
Batting: RHB Richie Sexson
|
0-0: Ball 1-0: Ball 2-0: Called Strike 2-1: Fly out, F7 (Flyball, 7LSF, EV 73.8 MPH)
|
|
Batting: RHB Juan Encarnacion
|
0-0: Ball 1-0: Fly out, F9 (Flyball, 9, EV 86.9 MPH)
|
| Top of the 6th over - 0 runs, 1 hit, 0 errors, 1 left on base; Florida 2 - Orlando 4 |
| BOTTOM OF THE 6TH |
|
Orlando Devil Rays batting - Pitching for Florida Marlins : LHP Butch Henry
|
|
Batting: RHB Tim Salmon
|
0-0: Called Strike 0-1: Ball 1-1: Foul Ball, location: 2F 1-2: Fly out, F8 (Flyball, 78S, EV 76.9 MPH)
|
|
Batting: RHB Ivan Rodriguez
|
0-0: Called Strike 0-1: Ball 1-1: Called Strike 1-2: Fly out, F9 (Line Drive, 9, EV 91.9 MPH)
|
|
Batting: LHB Paul O'Neill
|
0-0: Ball 1-0: Called Strike 1-1: Ball 2-1: Fly out, F9 (Flyball, 9LSF, EV 77.5 MPH)
|
| Bottom of the 6th over - 0 runs, 0 hits, 0 errors, 0 left on base; Florida 2 - Orlando 4 |
| TOP OF THE 7TH |
|
Florida Marlins batting - Pitching for Orlando Devil Rays : LHP Jimmy Key
|
|
Batting: RHB Rondell White
|
0-0: Foul Ball, location: 2F 0-1: Ball 1-1: Swinging Strike 1-2: Foul Ball, location: 2F 1-2: Strikes out swinging
|
|
Batting: SHB Bobby Bonilla
|
0-0: Ball 1-0: Swinging Strike 1-1: Swinging Strike 1-2: Ball 2-2: Strikes out swinging
|
|
Batting: RHB Edgardo Alfonzo
|
0-0: Ground out 6-3 (Groundball, 6S, EV 80.0 MPH)
|
| Top of the 7th over - 0 runs, 0 hits, 0 errors, 0 left on base; Florida 2 - Orlando 4 |
| BOTTOM OF THE 7TH |
|
Orlando Devil Rays batting - Pitching for Florida Marlins : LHP Butch Henry
|
|
Batting: SHB Jose Valentin
|
0-0: Called Strike 0-1: Foul Ball, location: 2F 0-2: Ball 1-2: DOUBLE (Line Drive, 89M, EV 106.3 MPH)
|
|
Pitching: LHP Terrell Wade
|
|
|
Batting: SHB Jose Oquendo
|
0-0: Called Strike 0-1: Called Strike 0-2: Ball 1-2: Ball 2-2: Ball 3-2: Ground out 1-3 (Groundball, 34S, EV 80.6 MPH) Jose Valentin to third
|
|
Batting: RHB Craig Biggio
|
0-0: Ball 1-0: Ball 2-0: Called Strike 2-1: Foul Ball, location: 2F 2-2: Fly out, F9 (Line Drive, 9D, EV 92.5 MPH) Runner from 3rd tags up, SCORES, no throw by RF
|
|
Batting: RHB Brian Jordan
|
0-0: Ground out 5-3 (Groundball, 56, EV 82.5 MPH)
|
| Bottom of the 7th over - 1 run, 1 hit, 0 errors, 0 left on base; Florida 2 - Orlando 5 |
| TOP OF THE 8TH |
|
Florida Marlins batting - Pitching for Orlando Devil Rays : LHP Jimmy Key
|
|
Batting: LHB Craig Counsell
|
0-0: Called Strike 0-1: Swinging Strike 0-2: Strikes out swinging
|
|
Pitching: RHP Scott Sullivan
|
|
|
Batting: SHB Luis Castillo
|
0-0: Called Strike 0-1: Ball 1-1: Swinging Strike 1-2: Ball 2-2: Foul Ball, location: 2F 2-2: Strikes out looking
|
|
Batting: RHB Tony Barron
|
0-0: Ball 1-0: Called Strike 1-1: Fly out, F8 (Flyball, 8LM, EV 93.1 MPH)
|
| Top of the 8th over - 0 runs, 0 hits, 0 errors, 0 left on base; Florida 2 - Orlando 5 |
| BOTTOM OF THE 8TH |
|
Orlando Devil Rays batting - Pitching for Florida Marlins : LHP Terrell Wade
|
|
Batting: RHB Jeff Bagwell
|
0-0: Swinging Strike 0-1: Ball 1-1: Called Strike 1-2: Ball 2-2: Ball 3-2: Foul Ball, location: 2F 3-2: Base on Balls
|
|
Batting: RHB Ron Gant
|
0-0: Ball 1-0: Bunt missed! 1-1: Ball 2-1: Bunt missed! 2-2: Strikes out swinging
|
|
Batting: RHB Tim Salmon
|
0-0: Called Strike 0-1: Ball 1-1: Ball 2-1: Ball 3-1: Base on Balls Jeff Bagwell to second
|
|
Pitching: RHP Paul Byrd
|
|
|
Batting: RHB Ivan Rodriguez
|
0-0: Foul Ball, location: 2F 0-1: SINGLE (Groundball, 34D, EV 105.0 MPH) Jeff Bagwell to third Tim Salmon to second Runner from 3rd tries for Home, SAFE, throw by RF to home
|
|
Batting: LHB Paul O'Neill
|
0-0: Swinging Strike 0-1: Ball 1-1: Foul Ball, location: 2F 1-2: Foul Ball, location: 2F 1-2: Strikes out swinging
|
|
Batting: SHB Jose Valentin
|
0-0: Swinging Strike 0-1: Swinging Strike 0-2: Foul Ball, location: 2F 0-2: Ball 1-2: Ball 2-2: Ground out 4-3 (Groundball, 4, EV 106.9 MPH)
|
| Bottom of the 8th over - 1 run, 1 hit, 0 errors, 2 left on base; Florida 2 - Orlando 6 |
| TOP OF THE 9TH |
|
Florida Marlins batting - Pitching for Orlando Devil Rays : RHP Scott Sullivan
|
|
Batting: RHB Charles Johnson
|
0-0: Called Strike 0-1: Ball 1-1: SINGLE (Line Drive, 89M, EV 103.8 MPH)
|
|
Batting: RHB Richie Sexson
|
0-0: Called Strike 0-1: Ball 1-1: Foul Ball, location: 2F 1-2: 2-RUN HOME RUN (Flyball, 9D, EV 98.1 MPH), Distance : 387 ft
|
|
Batting: RHB Juan Encarnacion
|
0-0: Ball 1-0: Ground out 4-3 (Groundball, 4S, EV 84.4 MPH)
|
|
Batting: RHB Rondell White
|
0-0: Foul Ball, location: 2F 0-1: Swinging Strike 0-2: Hit by Pitch
|
|
Batting: SHB Bobby Bonilla
|
0-0: Called Strike 0-1: Foul Ball, location: 2F 0-2: Strikes out swinging
|
|
Batting: RHB Edgardo Alfonzo
|
0-0: Ball 1-0: Foul Ball, location: 2F 1-1: Ball 2-1: Ball 3-1: Swinging Strike 3-2: Strikes out swinging
|
| Top of the 9th over - 2 runs, 2 hits, 0 errors, 1 left on base; Florida 4 - Orlando 6 |
|